Construct Infanterie Kompanie
Construct Panzergrenadier Kompanie
Selects Mechanized Battlegroup
Selects Mechanized Battlegroup
Selects Mechanized Battlegroup
Pak 40 Anti-tank Gun Team
Selects Mobile Repair Stations
Construct Panzer Kompanie
Pak 40 Anti-tank Gun Team
Selects Wespe Self-propelled Artillery
Selects Zeroing Artillery Barrage
Zeroing Artillery Barrage
Selects 8 Rad Armored Car
Selects UNKNOWN (2160084)
Pak 40 Anti-tank Gun Team